 Dungeon Crawl Stone Soup version 0.29-a0-1009-g60c99734e7 (webtiles) character file.

Game seed: 7221899918889618476

28 testman the Thaumaturge (level 3, -4/25 HPs)
             Began as a Gnoll Wanderer on Aug 8, 2022.
             Slain by Terence
             ... wielding a +1 vorpal flail
              (8 damage)
             ... on level 2 of the Dungeon.
             The game lasted 00:06:01 (1257 turns).

testman the Thaumaturge (Gnoll Wanderer)            Turns: 1257, Time: 00:06:01

Health: -4/25      AC:  7    Str: 11    XL:     3   Next: 12%
Magic:  10/13      EV: 10    Int: 13    God:
Gold:   41         SH:  0    Dex: 11    Spells: 19/20 levels left

rFire   . . .      SeeInvis .   e - +0 dagger (elec)
rCold   . . .      Faith    .   (no shield)
rNeg    . . .      Spirit   .   c - +0 ring mail
rPois   .          Reflect  .   (no helmet)
rElec   .          Harm     .   (no cloak)
rCorr   .          Rampage  .   a - +0 pair of gloves
Will    .....                   (no boots)
Stlth   +.........              (no amulet)
HPRegen 0.08/turn               (no ring)
MPRegen 0.13/turn               (no ring)

@: very slightly contaminated
A: fangs 1, strong nose, distributed training
a: no special abilities


You were on level 2 of the Dungeon.
You visited 1 branch of the dungeon, and saw 2 of its levels.

You collected 41 gold pieces.

Inventory:

Hand Weapons
 e - a +0 dagger of electrocution (weapon)
Missiles
 d - 3 poisoned darts
 i - 5 boomerangs
Armour
 a - a +0 pair of gloves (worn)
 c - a +0 ring mail (worn)
Potions
 b - 3 potions of attraction
 f - a potion of heal wounds {unknown}
 g - a potion of cancellation {unknown}


   Skills:
 + Level 0.7 Fighting
 + Level 0.7 Short Blades
 + Level 0.7 Long Blades
 + Level 0.7 Axes
 + Level 0.7 Maces & Flails
 + Level 0.7 Polearms
 + Level 0.7 Staves
 + Level 0.7 Ranged Weapons
 + Level 0.7 Throwing
 + Level 4.5 Armour
 + Level 0.7 Dodging
 + Level 2.3 Stealth
 + Level 0.7 Shields
 + Level 0.7 Unarmed Combat
 + Level 9.3 Spellcasting
 + Level 0.5 Conjurations
 + Level 0.5 Hexes
 + Level 0.5 Summonings
 + Level 0.5 Necromancy
 + Level 0.5 Translocations
 + Level 0.5 Transmutations
 + Level 3.7 Fire Magic
 + Level 0.5 Ice Magic
 + Level 0.5 Air Magic
 + Level 0.5 Earth Magic
 + Level 0.5 Poison Magic
 + Level 0.9 Invocations
 + Level 2.6 Evocations


You had 19 spell levels left.
You knew the following spells:

 Your Spells              Type           Power      Damage    Failure   Level
a - Foxfire               Conj/Fire      44%        2x1d6     11%         1

Your spell library contained the following spells:

 Spells                   Type           Power      Damage    Failure   Level
 Sting                    Tmut/Pois      28%        1d4       22%         1
 Mephitic Cloud           Conj/Pois/Air  7%         N/A       54%         3
 Flame Wave               Conj/Fire      11%        2d6       73%         4
 Sticky Flame             Conj/Fire      11%        2d3       73%         4


Dungeon Overview and Level Annotations

Branches:
Dungeon (2/15)

Altars:

Annotations:
D:2 Terence


Innate Abilities, Weirdness & Mutations

You have very sharp teeth.
Your uncanny sense of smell can sniff out nearby items.
Your experience applies equally to all skills.


Message History

The foxfire hits the worm.
The worm is almost dead.
Casting: Foxfire (safe; 11% risk of failure)
Press: ? - help, Q - select action, (/) - cycle Dir - look around, f - activate You conjure some foxfire!
The foxfire hits Terence.
Terence is lightly wounded.
The foxfire hits Terence.
Terence is lightly wounded.
Casting: Foxfire (safe; 11% risk of failure)
Press: ? - help, Q - select action, (/) - cycle Dir - look around, f - activate You miscast Foxfire.
You are very lightly contaminated with residual magic.
Nothing appears to happen.
You hit Terence but do no damage.
Terence is lightly wounded.
Terence closely misses you.
You hit Terence but do no damage. Your bite misses Terence.
Terence is lightly wounded.
Terence hits you with a +1 vorpal flail.
You hit Terence.
Terence is moderately wounded.
Terence barely misses you.
You hit Terence.
Terence is moderately wounded.
Terence shouts, "Now you die!" Terence barely misses you.
You hit Terence but do no damage.
Terence is moderately wounded.
Terence hits you with a +1 vorpal flail!
Terence attacks as you move away!
Terence hits you with a +1 vorpal flail.
* * * LOW HITPOINT WARNING * * *
x2
Okay, then.
As you read the scroll labelled KALUYS SUGYEDD, it crumbles to dust.
It is a scroll of brand weapon.
Your +0 dagger crackles with electricity.
e - a +0 dagger of electrocution (weapon)
Terence hits you with a +1 vorpal flail!
You die...

#.# ##### #.# ##.##
##...##
####.....#### ∆
#..........)#
#.##.....##.#
######.###w..###.##
.......@@J........#
.#####.####...##..#
#. #..?..# ?# ..
.>...J....
##.##.......... #.
#........... ..
##.......... #.
##...##..##


You could see Terence, a worm and an endoplasm.

Vanquished Creatures
  6 ball pythons
  2 endoplasms (D:1)
  3 giant cockroaches (D:1)
  3 hobgoblins
  4 bats (D:1)
  2 frilled lizards (D:1)
  A goblin (D:1)
  A kobold (D:2)
  4 rats (D:1)
26 creatures vanquished.

Vanquished Creatures (others)
  41 foxfires
41 creatures vanquished.

Grand Total: 67 creatures vanquished

Notes
Turn   | Place    | Note
-------+----------+-------------------------------------------
     0 | D:1      | Reached skill level 9 in Spellcasting
     0 | D:1      | testman the Gnoll Wanderer began the quest for the Orb.
     0 | D:1      | testman set off with the following items: a +0 club, a
                  | potion of attraction, a +0 ring mail; and the following
                  | spells available to memorise: Foxfire, Sting, Mephitic
                  | Cloud, Flame Wave, Sticky Flame.
     0 | D:1      | Reached XP level 1. HP: 13/13 MP: 10/10
     2 | D:1      | Learned a level 1 spell: Foxfire
   164 | D:1      | Reached XP level 2. HP: 19/19 MP: 10/12
   932 | D:1      | Reached XP level 3. HP: 16/25 MP: 13/13
  1240 | D:2      | Noticed Terence
  1257 | D:2      | Slain by Terence

Illustrated notes

Levels and vault maps discovered:
D:1:      zaba_arrival_water, layout_loops_cross, supply_closet_lemuel,
          kennysheep_decorative_pillar
D:2:      layout_loops_ring, basic_altar, uniq_sigmund, uniq_terence

Skill      XL: | |
---------------+-+-----
Spellcasting   | |  9.3
Fighting       | |  0.7
Short Blades   | |  0.7
Long Blades    | |  0.7
Axes           | |  0.7
Maces & Flails | |  0.7
Polearms       | |  0.7
Staves         | |  0.7
Ranged Weapons | |  0.7
Throwing       | |  0.7
Armour         | |  4.5
Dodging        | |  0.7
Stealth        | |  2.3
Shields        | |  0.7
Unarmed Combat | |  0.7
Conjurations   | |  0.5
Hexes          | |  0.5
Summonings     | |  0.5
Necromancy     | |  0.5
Translocations | |  0.5
Transmutations | |  0.5
Fire Magic     | |  3.7
Ice Magic      | |  0.5
Air Magic      | |  0.5
Earth Magic    | |  0.5
Poison Magic   | |  0.5
Invocations    | |  0.9
Evocations     | |  2.6

Action                   || total
-------------------------++-------
Melee: Hand axe          ||     4
       Dagger            ||    82
       Bite              ||     6
 Cast: Foxfire           ||    23
  Use: Scroll            ||     1
 Stab: Sleeping          ||     1
Armor: Ring mail         ||    39
Dodge: Dodged            ||    48

Table legend: (Time is in decaauts)
 A = Elapsed time spent in this place.
 B = Non-inter-level travel time spent in this place.
 C = Inter-level travel time spent in this place.
 D = Time resting spent in this place.
 E = Time spent auto-exploring this place.
 F = Levels seen in this place.
 G = Mean time per level.
                   A        B        C        D        E       F      G
               +--------+--------+--------+--------+--------+-----+--------+
         Total |   1261 |   1246 |     15 |      0 |   1025 |   2 |  630.5 |
       Dungeon |   1261 |   1246 |     15 |      0 |   1025 |   2 |  630.5 |
               +--------+--------+--------+--------+--------+-----+--------+

Top non-repeatable levels by time:
     D:1: 1197 daAuts
     D:2: 64 daAuts
